AoeStats
← Suiram162

Arena

510228540Analyzed
2v2 RM · 1d ago on Sep 30, 2026· 50m 46s· 4 players
Game mode
Random Map
Map size
Medium (4 player)
Population
200
Speed
Normal
Resources
Standard
Victory
Conquest
Starting age
Dark Age
Ending age
Imperial Age
RankedLock teamsTeams togetherTeam positionsShared explorationLock speedFull tech treeHidden civsTurbo modeCheats
Victory
Defeat
🇳🇱 Franks · Netherlands
863
+14
🇩🇪 Persians · Germany
826
+15
🇨🇱 Cumans · Chile
846
-43
🇨🇱 Franks · Chile
779
-13
Suiram162
10:48 Feudal Age
11:17 Horse Collar
11:23 Double-Bit Axe
12:14 Wheelbarrow
16:03 Stone Mining
17:03 Stone Mining
19:47 Castle Age
20:54 Bow Saw
22:32 Hand Cart
25:22 Gold Mining
26:22 Stone Shaft Mining
31:34 Imperial Age
28:53 Town Watch
29:41 Masonry
30:49 Town Patrol
30:35 Loom
30:44 Fletching
30:59 Scale Barding Armor
30:52 Murder Holes
31:38 Ballistics
31:33 Kamandaran
31:34 Bodkin Arrow
31:51 Forging
31:42 Padded Archer Armor
31:44 Scale Mail Armor
33:03 Chemistry
33:21 Architecture
33:14 Chain Barding Armor
32:23 Pikeman
33:13 Halberdier
34:13 Squires
33:55 Crossbowman
35:00 Leather Archer Armor
35:57 Iron Casting
35:37 Chain Mail Armor
35:59 Thumb Ring
36:34 Plate Barding Armor
36:27 Conscription
36:23 Husbandry
36:37 Bloodlines
36:46 Citadels
37:05 Elite War Elephant
38:33 Heavy Camel Rider
40:02 Plate Mail Armor
44:42 Blast Furnace
44:14 Ring Archer Armor
49:32 Arson
Oh My Lord
4:55 Loom
12:38 Feudal Age
13:14 Loom
16:50 Castle Age
14:46 Double-Bit Axe
15:08 Gold Mining
18:39 Wheelbarrow
20:37 Bow Saw
26:13 Hand Cart
27:17 Scale Barding Armor
27:23 Forging
30:35 Imperial Age
30:08 Chain Barding Armor
30:39 Iron Casting
30:49 Cavalier
39:12 Chemistry
38:22 Husbandry
37:56 Light Cavalry
39:16 Plate Barding Armor
39:42 Blast Furnace
38:52 Stone Mining
39:44 Gold Shaft Mining
40:45 Scale Mail Armor
42:37 Town Watch
45:12 Treadmill Crane
45:30 Murder Holes
45:47 Fortified Wall
46:06 Ballistics
46:04 Town Patrol
46:12 Paladin
quiasa
0:32 Loom
11:37 Feudal Age
14:15 Double-Bit Axe
18:55 Castle Age
17:47 Horse Collar
26:10 Bow Saw
26:25 Gold Mining
26:28 Stone Mining
27:30 Capped Ram
28:37 Scale Barding Armor
29:30 Wheelbarrow
29:15 Heavy Plow
29:57 Scale Mail Armor
33:05 Forging
34:25 Iron Casting
34:11 Bloodlines
38:02 Imperial Age
36:39 Hand Cart
38:35 Town Watch
38:15 Cavalier
40:00 Chain Barding Armor
44:58 Conscription
47:09 Steppe Husbandry
Don Genuino
8:19 Loom
11:20 Feudal Age
17:23 Castle Age
15:42 Double-Bit Axe
16:30 Gold Mining
16:35 Stone Mining
21:48 Bow Saw
32:13 Imperial Age
34:04 Forging
34:00 Scale Barding Armor
34:00 Cavalier
34:43 Husbandry
36:47 Iron Casting
39:58 Blast Furnace
40:48 Paladin
41:50 Chain Barding Armor
45:54 Fletching
46:39 Elite Throwing Axeman
46:51 Elite Throwing Axeman
Connection lost

Rejoining the realm…

Still unreachable

The connection could not be restored.

Session expired

The server has moved on; the page needs a fresh start.